 Dungeon Crawl Stone Soup version 0.18-a0-1040-g4865665 (webtiles) character file.

34 Kris the Digger (level 3, 0/19 HPs)
             Began as a Gargoyle Earth Elementalist on Jan 10, 2016.
             Slain by a giant cockroach (1 damage)
             ... on level 1 of the Dungeon.
             The game lasted 00:05:40 (1345 turns).

Kris the Digger (Gargoyle Earth Elementalist)       Turns: 1345, Time: 00:05:40

Health: 0/19       AC:  5    Str: 11    XL:     3   Next: 31%
Magic:  7/7        EV: 12    Int: 16    God:
Gold:   97         SH:  0    Dex: 10    Spells: 3 memorised, 1 level left

rFire  + . .     SeeInvis .     l - +0 dagger
rCold  + . .     Gourm    .     a - +0 robe
rNeg   + . .     Faith    .     (no shield)
rPois  ∞         Spirit   .     (no helmet)
rElec  +         Dismiss  .     (no cloak)
rCorr  +         Reflect  .     (no gloves)
SustAt .         Harm     .     (no boots)
MR     .....                    (no amulet)
Stlth  ++........               (no ring)
                                (no ring)

@: resistant, very slightly contaminated, not resistant to hostile enchantments,
unstealthy
A: negative energy resistance 1, electricity resistance, unbreathing,
petrification resistance, rot immunity, AC +3
a: no special abilities


You were on level 1 of the Dungeon.
You were hungry.

You visited 1 branch of the dungeon, and saw 2 of its levels.

You collected 97 gold pieces.

Inventory:

Hand Weapons
 e - a +0 club
 h - a +0 whip
 l - a +0 dagger (weapon)
Missiles
 b - 31 stones (quivered)
Armour
 a - a +0 robe (worn)
Books
 c - a book of Geomancy

   Spells                             Type                      Level
   a - Sandblast                      Earth                        1
   b - Stoneskin                      Transmutation/Earth          2
   c - Passwall                       Transmutation/Earth          3
   d - Stone Arrow                    Conjuration/Earth            3
   e - Petrify                        Transmutation/Earth          4
   f - Lee's Rapid Deconstruction     Earth                        5
Comestibles
 d - 4 bread rations


   Skills:
 - Level 1.5 Dodging
 - Level 2.1 Stealth
 * Level 2.8 Spellcasting
 + Level 0.4 Conjurations
 - Level 0.7 Transmutations
 + Level 4.3 Earth Magic


You had one spell level left.
You knew the following spells:

 Your Spells              Type           Power        Failure   Level  Hunger
a - Sandblast             Erth           ###...       3%          1    #......
b - Stoneskin             Trmt/Erth      ##......     12%         2    ##.....
c - Stone Arrow           Conj/Erth      #.....       21%         3    ###....


Dungeon Overview and Level Annotations

Branches:
Dungeon (2/15)

Altars:


Innate Abilities, Weirdness & Mutations

You are resistant to torment.
Your stone body is resilient (AC +3).
You are immune to poison.
You resist negative energy.
You are resistant to electric shocks.
You can survive without breathing.
You are immune to petrification.
You are immune to rotting.


Message History

The bat barely misses you. The goblin hits you with a dagger.
* * * LOW HITPOINT WARNING * * *
The giant cockroach closely misses you. The jackal misses you.
Unknown command.
The bat closely misses you.
The quokka bites you but does no damage.
The jackal bites you but does no damage.
The giant cockroach bites you.
* * * LOW HITPOINT WARNING * * *
The goblin hits you with a dagger.
* * * LOW HITPOINT WARNING * * *
The quokka barely misses you.
You fly upwards.
You float gracefully downwards.
There is a stone staircase leading down here.
A rat comes into view.
The bat closely misses you.
The jackal bites you but does no damage.
The rat moves out of view.
The giant cockroach misses you. The giant cockroach bites you.
You die...

# #.##.# #.# ########.# #
#.##.#########.# #.# #
#...........##.####### #.#
# #...........#........#
#.# #
#...........#........# #.#
#####.........r.#........#
#.#
................#........#
#.#
....#...........#b.......#
#.#
................@hrg.....#
#.#
................#s.......#
#.#
###...#.##################
#.# .###..#.# #.# ##
#..#.# #.# .# #..#.# #.#
.# #..#.# #.# ## #..#.#
#.# .###.)#.# #.#


You could see a quokka, a jackal, a giant cockroach, a goblin, a bat and a rat.

Vanquished Creatures
  4 bats (D:1)
  2 giant cockroaches (D:1)
  4 goblins (D:1)
  6 hobgoblins (D:1)
  3 jackals
  5 kobolds (D:1)
  2 giant newts (D:1)
  4 rats (D:1)
30 creatures vanquished.

Notes
Turn   | Place    | Note
--------------------------------------------------------------
     0 | D:1      | Kris the Gargoyle Earth Elementalist began the quest for the Orb.
     0 | D:1      | Reached XP level 1. HP: 10/10 MP: 3/3
   390 | D:1      | Reached XP level 2. HP: 15/15 MP: 1/5
   408 | D:1      | Reached skill level 4 in Earth Magic
   929 | D:1      | Reached XP level 3. HP: 19/19 MP: 2/6
   933 | D:1      | Learned a level 2 spell: Stoneskin
   937 | D:1      | Learned a level 3 spell: Stone Arrow
  1345 | D:1      | Slain by a giant cockroach

Vault maps used:
D:1:      dpeg_arrival_ternary
D:2:      first_bread, dk_noncrumbling_3, minivault_4, st_stairs_8,
          grunt_ministairs_7

Action                   || total
-------------------------++-------
Melee: Dagger            ||    16
 Cast: Sandblast         ||    40
  Use: Potion            ||     3
       Scroll            ||     2
 Stab: Invisible         ||     2
  Eat: Chunk             ||     1
